 Dungeon Crawl Stone Soup version 0.28.0-1-gb440e238dd (webtiles) character file.

Game seed: 7012761473317533034

5308 a3don the Evangelist (level 10, -5/90 HPs)
             Began as a Hill Orc Monk on Feb 21, 2022.
             Was an Elder of Beogh.
             Slain by a death knight (13 damage)
             ... on level 9 of the Dungeon.
             The game lasted 00:13:41 (10837 turns).

a3don the Evangelist (Hill Orc Monk)               Turns: 10837, Time: 00:13:42

Health: -5/90      AC: 17    Str: 24    XL:     10   Next: 64%
Magic:  18/18      EV:  9    Int: 12    God:    Beogh [****..]
Gold:   263        SH:  0    Dex: 13    Spells: 8/9 levels left

rFire   . . .      SeeInvis .   w - +8 hand axe "Leviticus" {pain, Str+7}
rCold   + . .      Faith    .   (no shield)
rNeg    . . .      Spirit   .   c - +0 chain mail
rPois   .          Reflect  .   (no helmet)
rElec   .          Harm     .   (no cloak)
rCorr   .          Rampage  .   (no gloves)
Will    .....                   r - +2 pair of boots
Stlth   ..........              (no amulet)
HPRegen 0.25/turn               D - +4 ring of protection
MPRegen 0.16/turn               v - ring of protection from cold

@: no status effects
A: no striking features
a: Renounce Religion, Smiting, Recall Orcish Followers


You were on level 9 of the Dungeon.
You worshipped Beogh.
Beogh was greatly pleased with you.
You visited 1 branch of the dungeon, and saw 9 of its levels.

You collected 519 gold pieces.
You spent 256 gold pieces at shops.

Inventory:

Hand Weapons
 a - a +0 hand axe
 g - a +0 falchion of electrocution
 n - the +4 dagger "Morg" {pain, Will+ Int+5}
   (You found it on level 4 of the Dungeon)

   In the hands of one skilled in necromantic magic, it inflicts extra damage on
   living creatures.
   Int:       It affects your intelligence (+5).
   Will:      It increases your willpower.
 o - a +2 whip of holy wrath
 q - a +1 hand axe of venom
 t - a +2 short sword of flaming
 u - a +1 whip of freezing
 w - the +8 hand axe "Leviticus" (weapon) {pain, Str+7}
   (You bought it in a shop on level 4 of the Dungeon)

   In the hands of one skilled in necromantic magic, it inflicts extra damage on
   living creatures.
   Str:       It affects your strength (+7).
 F - a +0 glaive of pain
Missiles
 m - 9 boomerangs (quivered)
 I - 11 poisoned darts
Armour
 b - a +0 robe
 c - a +0 chain mail (worn)
 r - a +2 pair of boots (worn)
Jewellery
 h - a ring of ice
 v - a ring of protection from cold (right hand)
 D - a +4 ring of protection (left hand)
Wands
 j - a wand of digging (7)
Scrolls
 d - 2 scrolls of vulnerability {unknown}
 e - 3 scrolls of magic mapping
 f - 3 scrolls of teleportation
 i - a scroll of enchant weapon {unknown}
 s - a scroll of summoning {unknown}
 y - a scroll of acquirement {unknown}
 z - a scroll of holy word {unknown}
 B - 2 scrolls of identify
 E - 2 scrolls of enchant armour {unknown}
 J - a scroll of immolation {unknown}
 K - a scroll of fear {unknown}
Potions
 k - a potion of heal wounds
 l - a potion of berserk rage
 p - a potion of degeneration
 x - a potion of curing
 A - 2 potions of lignification {unknown}
 C - a potion of haste {unknown}
 G - a potion of brilliance {unknown}
 H - a potion of invisibility {unknown}


   Skills:
 + Level 8.5 Fighting
 + Level 9.2 Axes
 + Level 6.7 Armour
 - Level 2.5 Dodging
 - Level 1.5 Stealth
 * Level 6.0 Necromancy
 * Level 11.6 Invocations


You had 8 spell levels left.
You knew the following spells:

 Your Spells              Type           Power      Damage    Failure   Level
a - Pain                  Necr           56%        1d6       17%         1

Your spell library contained the following spells:

 Spells                   Type           Power      Damage    Failure   Level
 Animate Skeleton         Necr           28%        N/A       17%         1
 Vampiric Draining        Necr           14%        2d7       45%         3
 Corpse Rot               Necr/Air       14%        N/A       65%         2
 Dispel Undead            Necr           14%        3d10      86%         4
 Apportation              Tloc           0%         N/A       90%         1
 Sandblast                Erth           0%         2d4       90%         1
 Summon Small Mammal      Summ           0%         N/A       90%         1
 Passwall                 Tmut/Erth      0%         N/A       97%         2
 Dazzling Flash           Conj/Hex       0%         N/A       99%         3
 Stone Arrow              Conj/Erth      0%         3d7       99%         3
 Agony                    Necr           14%        N/A       99%         5
 Passage of Golubria      Tloc           0%         N/A       100%        4
 Summon Lightning Spire   Summ/Air       0%         N/A       100%        4
 Silence                  Hex/Air        0%         N/A       100%        5
 Death Channel            Necr           7%         N/A       100%        6
 Storm Form               Tmut/Air       0%         N/A       100%        7
 Lehudib's Crystal Spear  Conj/Erth      0%         10d2      100%        8
 Maxwell's Capacitive Co  Air            0%         ∞         100%        8


Dungeon Overview and Level Annotations

Branches:
Dungeon (9/15)             Temple (0/1) D:4
   Lair: D:8-11         Orc: D:9-12

Altars:
Ashenzari
Qazlal
Uskayaw
Xom

Shops:
D:4 (   D:5 *   D:8 :


Message History

A cyclops comes into view.
You see here 5 large rocks.
Boldo hits the death knight but does no damage.
The death knight hits Boldo with a +0 battleaxe!!
Boldo dies!
Things that are here:
a +0 shortbow; 23 arrows; a centaur corpse You swap places.
The death knight barely misses your orc warrior.
You see here 5 large rocks.
You swap places.
The death knight's dark mirror aura disappears.
Your orc warrior closely misses the death knight.
The death knight hits your orc warrior with a +0 battleaxe!!
Your orc warrior hits the death knight with a +0 whip!
The death knight hits your orc warrior with a +0 battleaxe!
You see here 5 large rocks.
You swap places.
Your orc warrior hits the death knight with a +0 whip!!
The death knight closely misses your orc warrior.
Things that are here:
a +0 shortbow; 23 arrows; a centaur corpse You swap places.
The death knight hits you but does no damage.
Items here: )) [ ††.
You hit the death knight but do no damage.
The death knight is severely wounded.
The death knight invokes the aid of Yredelemnul against you.
Your body is wracked with pain!
* * * LOW HITPOINT WARNING * * *
You hit the death knight.
The death knight writhes in agony.
The death knight is almost dead.
You barely miss the death knight.
The death knight is almost dead.
The death knight hits you with a +0 battleaxe!!
* * * LOW HITPOINT WARNING * * *
You slash the death knight!
The death knight writhes in agony.
The death knight is almost dead.
The death knight hits you with a +0 battleaxe!
You die...

# ##.#o#
...oo. ##
####+####
#+#####o#
..##oooo@pC#
#.# ##
#.#.o#####..#
#.# .##.
#.#.## .#
..#..##.
#.#.#
#####.#.###.#
#.'.#
+.........+..
#.#o# #
#)#####..
#.#.## .#
#oo..##.#
#.#oo#####..#
#o#..##.#
..##oo.o...#
#o#####..


You could see a death knight (ally target), a cyclops, 3 friendly orc warriors,
a friendly orc wizard (strong) and a friendly orc.

Vanquished Creatures
  A centaur warrior (D:9)
  A two-headed ogre (D:9)
  A cyclops (D:9)
  A wraith (D:9)
  A wyvern (D:8)
  2 yaks (D:9)
  2 steam dragons
  A water moccasin (D:7)
  A black bear (D:8)
  3 sky beasts
  2 ogres
  A phantom (D:4)
  A kobold brigand (D:8)
  A bullfrog (D:6)
  A wyvern zombie (D:9)
  2 scorpions
  5 killer bees (D:8)
  3 wights
  A howler monkey (D:6)
  2 centaur zombies
  2 hounds (D:6)
  A bullfrog skeleton (D:7)
  A gnoll shaman (D:5)
  3 orc priests
  2 iguanas
  2 orc wizards
  A killer bee zombie (D:8)
  7 gnolls
  6 adders
  A shadow imp (D:6)
  A white imp (D:7)
  An adder skeleton (D:4)
  A worm (D:2)
  2 dart slugs
  16 orcs
  5 endoplasms
  6 giant cockroaches
  5 goblins
  11 hobgoblins
  7 quokkas
  6 ball pythons
  7 bats
  4 frilled lizards
  10 kobolds
  7 rats
148 creatures vanquished.

Vanquished Creatures (collateral kills)
  A deep elf zephyrmancer (D:7)
  A hornet (D:9)
  A water moccasin (D:7)
  A sky beast (D:5)
  2 orc warriors (D:7)
  A centaur (D:9)
  A water moccasin skeleton (D:5)
  A killer bee (D:8)
  A wight (D:9)
  A howler monkey (D:8)
  2 centaur zombies
  A jelly (D:5)
  A gnoll shaman (D:9)
  An orc wizard (D:5)
  A white imp (D:8)
  A worm (D:5)
  5 orcs
  A ball python (D:4)
  A goblin (D:4)
  4 kobolds
29 creatures vanquished.

Vanquished Creatures (others)
  An orc warrior (D:9)
  An orc knight (D:9)
  10 orcs
  An orc priest (D:7)
  An orc wizard (D:7)
  A quokka (D:3)
  9 plants (D:3)
24 creatures vanquished.

Grand Total: 201 creatures vanquished

Notes
Turn   | Place    | Note
-------+----------+-------------------------------------------
     0 | D:1      | a3don the Hill Orc Monk began the quest for the Orb.
     0 | D:1      | Reached XP level 1. HP: 19/19 MP: 1/1
    60 | D:1      | Reached skill level 1 in Invocations
   264 | D:1      | Reached XP level 2. HP: 22/27 MP: 2/2
  1050 | D:1      | Reached skill level 2 in Invocations
  1051 | D:1      | Reached XP level 3. HP: 31/33 MP: 4/4
  1240 | D:2      | Found a stormy altar of Qazlal.
  1441 | D:2      | Reached skill level 1 in Armour
  1859 | D:2      | Noticed an ogre
  1868 | D:2      | Killed an ogre
  1869 | D:2      | Reached skill level 3 in Invocations
  1869 | D:2      | Reached XP level 4. HP: 28/41 MP: 6/6
  1869 | D:2      | Reached XP level 5. HP: 32/47 MP: 7/7
  2054 | D:3      | Became a worshipper of Beogh the Brigand
  2054 | D:3      | Reached * piety under Beogh
  2054 | D:3      | Reached ** piety under Beogh
  2089 | D:3      | HP: 2/47 [orc priest/nerve-wracking pain (4)]
  2508 | D:2      | Reached skill level 4 in Invocations
  2925 | D:3      | Reached skill level 5 in Axes
  3096 | D:3      | Reached XP level 6. HP: 31/53 MP: 9/9
  3976 | D:4      | Found Goirch's Antique Weapon Boutique.
  4370 | D:4      | Found the +4 dagger "Morg" {pain, Will+ Int+5}
  4377 | D:4      | Reached skill level 5 in Invocations
  4590 | D:4      | Reached *** piety under Beogh
  4731 | D:4      | Found a shimmering altar of Xom.
  4736 | D:4      | Found a hide-covered altar of Uskayaw.
  4869 | D:4      | Reached skill level 5 in Fighting
  4983 | D:5      | Entered Level 5 of the Dungeon
  4983 | D:5      | You fall into a shaft and drop 3 floors!
  4983 | D:8      | Noticed a wyvern
  4985 | D:8      | Killed a wyvern
  4986 | D:8      | Reached skill level 6 in Invocations
  4986 | D:8      | Reached XP level 7. HP: 61/61 MP: 4/11
  5251 | D:6      | Noticed a steam dragon
  5260 | D:6      | Killed a steam dragon
  5490 | D:6      | Reached skill level 7 in Invocations
  5490 | D:6      | Reached XP level 8. HP: 66/70 MP: 13/13
  5913 | D:5      | Found a broken altar of Ashenzari.
  5942 | D:5      | Reached skill level 8 in Invocations
  6548 | D:5      | Found Fiurr's Neck Hole.
  6747 | D:4      | Bought a crude hand axe for 256 gold pieces
  6747 | D:4      | Identified the +8 hand axe "Leviticus" {pain, Str+7} (You
                  | bought it in a shop on level 4 of the Dungeon)
  6893 | D:4      | Found a staircase to the Ecumenical Temple.
  7365 | D:6      | Reached skill level 1 in Necromancy
  8088 | D:7      | Reached skill level 5 in Armour
  8090 | D:7      | Reached skill level 9 in Invocations
  8090 | D:7      | Reached XP level 9. HP: 52/78 MP: 15/15
  8532 | D:7      | Noticed a deep elf zephyrmancer
  8544 | D:7      | Killed a deep elf zephyrmancer
  8818 | D:7      | Learned a level 1 spell: Pain
  9485 | D:8      | Reached skill level 10 in Invocations
  9675 | D:8      | Found Diboivviupn's Self-Improvement Boutique.
  9727 | D:8      | Reached **** piety under Beogh
 10223 | D:9      | Noticed a hornet
 10232 | D:9      | Paralysed by a hornet for 3 turns
 10232 | D:9      | Killed a hornet
 10232 | D:9      | Gained Margrim as an ally
 10435 | D:9      | Noticed a two-headed ogre
 10438 | D:9      | Gained Boldo as an ally
 10447 | D:9      | Killed a two-headed ogre
 10448 | D:9      | Reached skill level 5 in Necromancy
 10448 | D:9      | Reached XP level 10. HP: 37/88 MP: 16/18
 10686 | D:9      | Reached skill level 11 in Invocations
 10803 | D:9      | Noticed a cyclops
 10806 | D:9      | Noticed a centaur warrior
 10809 | D:9      | Killed a cyclops
 10819 | D:9      | Killed a centaur warrior
 10821 | D:9      | Noticed a death knight
 10826 | D:9      | Your ally Margrim died
 10827 | D:9      | Noticed a cyclops
 10828 | D:9      | Your ally Boldo died
 10837 | D:9      | Slain by a death knight

Illustrated notes

Levels and vault maps discovered:
D:1:      eino_arrival_cavern_c, layout_basic, serial_forest,
          infiniplex_forest_clump_cross, infiniplex_forest_lined_room_3,
          infiniplex_forest_end_3, infiniplex_forest_lined_room_2,
          infiniplex_forest_lined_ring, infiniplex_forest_clump_tiny,
          infiniplex_forest_clump_medium
D:2:      layout_basic, minmay_hexomino_r4
D:3:      layout_basic, serial_bayou_ford_a
D:4:      layout_basic, mainiacjoe_overflow_big_doors,
          minmay_temple_entry_fiery, serial_shops, nicolae_shop_waterfront
D:5:      layout_gridville, old_standard_altar, kennysheep_nondescript,
          nicolae_shop_sticking_my_neck_out
D:6:      layout_loops_ring
D:7:      layout_basic, nicolae_lava_and_water, amcnicky_mini_corridor_feature,
          guppyfry_early_elven_hall
D:8:      layout_gridville, nicolae_shop_self_help
D:9:      minmay_the_grid_plus [minmay_the_grid_rooms,
          minmay_the_grid_pillar_ring, minmay_the_grid_outer_circle,
          minmay_the_grid_armoury, minmay_the_grid_prize_inner_circle],
          layout_loops_ring, serial_shops, kennysheep_little_box, dk_vineyard_1,
          kennysheep_diamond, grunt_ministairs_12, minmay_misc_feat_diagonals,
          hangedman_decor_slide_cut

Skill      XL: |  1  2  3  4  5  6  7  8  9 10 |
---------------+-------------------------------+-----
Invocations    | 1 2 3 4 6 7 9 10 11 | 11.6
Fighting       | 4 5 6 8 |  8.5
Armour         | 1 2 3 5 6 |  6.7
Axes           | 5 6 7 8 9 |  9.2
Necromancy     | 2 5 6 |  6.0
Dodging        | |  2.5
Stealth        | |  1.5

Action                   |  1- 3 |  4- 6 |  7- 9 | 10-12 || total
-------------------------+-------+-------+-------+-------++-------
Melee: Hand axe          |   139 |   193 |   227 |    41 ||   600
       Punch             |     2 |     2 |     4 |     1 ||     9
Invok: Convert to Beogh  |       |     1 |       |       ||     1
       Smiting           |       |     2 |       |       ||     2
  Use: Potion            |       |       |     1 |       ||     1
       Scroll            |       |       |     5 |       ||     5
 Stab: Distracted        |       |       |     1 |     1 ||     2
Armor: Robe              |    11 |       |       |       ||    11
       Chain mail        |    68 |   107 |   126 |    21 ||   322
Dodge: Dodged            |    74 |    64 |   101 |    13 ||   252
